AoeStats
← Xx360nOsCoPexX

Hill Fort

505190566Analyzed
4v4 RM · 24d ago on Sep 8, 2026· 72m 27s· 8 players
Game mode
Random Map
Map size
Large (8 player)
Population
200
Speed
Normal
Resources
Standard
Victory
Conquest
Starting age
Dark Age
Ending age
Imperial Age
RankedLock teamsTeams togetherTeam positionsShared explorationLock speedFull tech treeHidden civsTurbo modeCheats
Victory
Defeat
🇹🇷 Hindustanis · Türkiye
1000
+10
960
+11
🇫🇮 Chinese · Finland
922
+13
🇩🇪 Britons · Germany
901
+14
🇳🇿 Goths · New Zealand
871
-34
🇦🇷 Bohemians · Argentina
858
-12
🇺🇸 Japanese · United States
850
-12
🇨🇱 Khmer · Chile
825
-11
hattivatti266
0:27 Loom
10:38 Feudal Age
11:44 Double-Bit Axe
11:44 Horse Collar
18:34 Castle Age
18:02 Wheelbarrow
17:41 Gold Mining
19:56 Padded Archer Armor
20:44 Bow Saw
20:00 Pikeman
24:17 Heavy Plow
25:31 Hand Cart
27:05 Leather Archer Armor
31:58 Imperial Age
29:45 Town Watch
31:18 Fletching
33:29 Bodkin Arrow
34:05 Ring Archer Armor
33:26 Elite Chu Ko Nu
33:50 Capped Ram
35:51 Two-Man Saw
35:03 Heated Shot
35:34 Ballistics
35:44 Bracer
36:18 Great Wall
39:12 Rocketry
39:55 Chemistry
40:57 Bombard Tower
42:16 Scale Mail Armor
45:47 Heavy Scorpion
60:39 Thumb Ring
bbjameshetfield
13:59 Feudal Age
16:01 Double-Bit Axe
18:56 Castle Age
17:12 Horse Collar
17:28 Gold Mining
17:28 Stone Mining
17:50 Stone Mining
20:29 Stone Shaft Mining
20:29 Gold Shaft Mining
20:32 Bow Saw
25:00 Heavy Plow
26:00 Gold Shaft Mining
27:33 Loom
28:23 Wheelbarrow
27:33 Town Watch
27:52 Caravan
29:03 Ballistics
28:53 Masonry
28:38 Murder Holes
28:54 Fortified Wall
31:21 Hand Cart
31:06 Town Patrol
36:07 Imperial Age
36:13 Imperial Age
34:18 Forging
34:13 Scale Barding Armor
34:16 Grand Trunk Road
38:30 Coinage
38:06 Shatagni
38:26 Conscription
38:42 Hoardings
37:30 Elite Ghulam
41:39 Chemistry
40:44 Siege Engineers
42:01 Iron Casting
41:26 Scale Mail Armor
41:46 Chain Barding Armor
45:17 Two-Man Saw
45:22 Blast Furnace
44:57 Plate Barding Armor
44:38 Chain Mail Armor
44:27 Squires
44:12 Arson
44:48 Bloodlines
44:38 Husbandry
43:59 Heavy Camel Rider
45:17 Fervor
45:09 Devotion
45:29 Sanctity
45:24 Block Printing
45:35 Illumination
45:20 Redemption
45:06 Herbal Medicine
45:46 Theocracy
47:25 Banking
63:08 Faith
66:08 Spies/Treason
Mario Monti per l'Italia
7:44 Loom
13:31 Feudal Age
19:19 Castle Age
21:54 Double-Bit Axe
23:03 Horse Collar
32:43 Imperial Age
29:55 Pikeman
30:39 Squires
30:50 Gold Mining
32:04 Scale Mail Armor
32:15 Forging
31:57 Fletching
33:00 Wheelbarrow
32:11 Town Watch
33:26 Perfusion
33:47 Conscription
33:45 Halberdier
34:37 Bow Saw
35:07 Heavy Plow
35:17 Anarchy
36:50 Chain Mail Armor
37:11 Iron Casting
37:22 Hand Cart
41:03 Two-Man Saw
41:10 Chemistry
40:53 Heavy Scorpion
42:23 Bodkin Arrow
43:29 Blast Furnace
44:17 Ballistics
43:56 Murder Holes
43:50 Elite Huskarl
70:18 Spies/Treason
DE 2xN IS
14:49 Feudal Age
15:52 Horse Collar
19:36 Castle Age
18:51 Double-Bit Axe
20:29 Crossbowman
22:41 Padded Archer Armor
23:15 Fletching
24:07 Gold Mining
24:21 Heavy Plow
24:33 Bow Saw
26:59 Gold Shaft Mining
27:09 Leather Archer Armor
30:16 Stone Mining
34:13 Bodkin Arrow
37:37 Imperial Age
35:44 Wheelbarrow
34:55 Loom
37:26 Yeomen
37:48 Elite Longbowman
38:48 Conscription
39:15 Conscription
40:38 Chemistry
40:00 Ballistics
39:26 Capped Ram
40:56 Ring Archer Armor
41:17 Bracer
42:36 Hand Cart
52:54 Two-Man Saw
52:19 Arbalester
thongvipusa1
0:46 Loom
11:47 Feudal Age
12:52 Double-Bit Axe
12:49 Horse Collar
17:41 Gold Mining
17:59 Stone Mining
20:07 Wheelbarrow
25:00 Castle Age
26:09 Hand Cart
26:46 Gold Shaft Mining
26:44 Bow Saw
26:38 Heavy Plow
30:52 Imperial Age
38:07 Two-Man Saw
38:32 Hoardings
38:26 Scale Mail Armor
38:36 Forging
42:20 Chain Mail Armor
42:21 Elite Samurai
45:04 Elite Skirmisher
46:40 Fortified Wall
46:25 Murder Holes
49:16 Plate Mail Armor
49:22 Iron Casting
49:34 Fletching
49:45 Padded Archer Armor
55:50 Leather Archer Armor
55:30 Bodkin Arrow
56:36 Blast Furnace
60:16 Onager
Xx360nOsCoPexX
9:58 Feudal Age
10:33 Double-Bit Axe
11:08 Man-at-Arms
15:14 Horse Collar
22:44 Castle Age
21:02 Gold Mining
23:40 Bow Saw
24:11 Squires
24:51 Stone Mining
26:38 Wheelbarrow
28:21 Hand Cart
28:58 Long Swordsman
29:57 Forging
29:49 Scale Mail Armor
34:53 Iron Casting
34:34 Chain Mail Armor
34:52 Loom
36:51 Heavy Plow
41:58 Imperial Age
42:09 Two-Handed Swordsman
43:52 Blast Furnace
44:06 Two-Man Saw
44:50 Perfusion
45:51 Conscription
46:57 Crop Rotation
46:23 Champion
55:44 Elite Huskarl
63:23 Onager
qeow739663
11:32 Feudal Age
19:15 Castle Age
17:21 Horse Collar
17:36 Double-Bit Axe
29:55 Pikeman
38:20 Imperial Age
36:28 Wheelbarrow
36:06 Bow Saw
36:03 Heavy Plow
36:27 Wagenburg Tactics
36:54 Loom
36:55 Town Watch
39:50 Hand Cart
40:39 Two-Man Saw
39:48 Scale Mail Armor
40:03 Forging
40:21 Conscription
40:26 Halberdier
41:08 Squires
40:54 Arson
41:31 Chain Mail Armor
43:21 Chemistry
42:42 Ballistics
43:31 Siege Engineers
43:19 Fletching
43:30 Padded Archer Armor
43:24 Fletching
44:04 Plate Mail Armor
44:10 Houfnice
48:57 Leather Archer Armor
50:03 Elite Skirmisher
Jx
0:30 Loom
15:38 Feudal Age
18:09 Wheelbarrow
17:19 Town Watch
19:06 Double-Bit Axe
20:01 Horse Collar
24:07 Castle Age
Connection lost

Rejoining the realm…

Still unreachable

The connection could not be restored.

Session expired

The server has moved on; the page needs a fresh start.